Workbook

Sheet Coste de tu hora
A1: Lo que te cuesta cada hora de trabajo
A2: Lo que pagas cada mes, repartido entre las horas que de verdad cobras. Números de ejemplo: pon los tuyos.
A4: 1. Lo que pagas cada mes
A5: Alquiler del local | B5: 700
A6: Luz, agua e Internet | B6: 180
A7: Sueldos y seguridad social del equipo | B7: 0
A8: Tu sueldo (lo que quieres sacar al mes) | B8: 1500 | C8: Tu sueldo también es un coste: si no lo pones, trabajas gratis.
A9: Tu cuota de autónomo | B9: 300
A10: Gestoría | B10: 70
A11: Programa, web y teléfono (lo de cada año, entre 12) | B11: 60
A12: Seguros | B12: 40
A13: Publicidad | B13: 50
A14: Productos de uso general (toallas, limpieza…) | B14: 60
A15: Otros | B15: 0
A16: Total al mes | B16: =SUM(B5:B15)
A18: 2. Las horas que cobras
A19: Personas que atienden | B19: 1
A20: Horas de atención a la semana, cada una | B20: 40
A21: Semanas de trabajo al año | B21: 46
A22: Ocupación: parte de esas horas con cliente | B22: 0.7 | C22: Nadie llena el 100 %: huecos, anulaciones, limpiar…
A23: Horas cobradas al mes | B23: =B19*B20*B21/12*B22
A25: 3. El resultado
A26: Lo que te cuesta cada hora con cliente | B26: =IFERROR(B16/B23,0)
A29: Plantilla gratis de Gestor Centro · gestorcentro.com/guias/como-calcular-el-precio-de-un-servicio/

Sheet Precio de cada servicio
A1: El precio de cada servicio
A2: Minutos, producto y lo que quieres ganar encima. El coste de la hora sale de la otra hoja.
A4: Servicio | B4: Minutos | C4: Producto que gasta | D4: Coste del tiempo | E4: Coste total | F4: Ganar encima (%) | G4: Precio sin IVA | H4: IVA | I4: Precio con IVA | J4: Redondeado | K4: Lo que cobras hoy
A5: Servicio corto | B5: 30 | C5: 1.5 | D5: =IF(B5="","",B5/60*'Coste de tu hora'!$B$26) | E5: =IF(B5="","",D5+N(C5)) | F5: 0.2 | G5: =IF(E5="","",E5*(1+N(F5))) | H5: 0.21 | I5: =IF(G5="","",G5*(1+N(H5))) | J5: =IF(I5="","",ROUNDUP(I5*2,0)/2)
A6: Servicio de una hora | B6: 60 | C6: 4 | D6: =IF(B6="","",B6/60*'Coste de tu hora'!$B$26) | E6: =IF(B6="","",D6+N(C6)) | F6: 0.2 | G6: =IF(E6="","",E6*(1+N(F6))) | H6: 0.21 | I6: =IF(G6="","",G6*(1+N(H6))) | J6: =IF(I6="","",ROUNDUP(I6*2,0)/2)
A7: Servicio largo | B7: 120 | C7: 18 | D7: =IF(B7="","",B7/60*'Coste de tu hora'!$B$26) | E7: =IF(B7="","",D7+N(C7)) | F7: 0.2 | G7: =IF(E7="","",E7*(1+N(F7))) | H7: 0.21 | I7: =IF(G7="","",G7*(1+N(H7))) | J7: =IF(I7="","",ROUNDUP(I7*2,0)/2)
D8: =IF(B8="","",B8/60*'Coste de tu hora'!$B$26) | E8: =IF(B8="","",D8+N(C8)) | G8: =IF(E8="","",E8*(1+N(F8))) | I8: =IF(G8="","",G8*(1+N(H8))) | J8: =IF(I8="","",ROUNDUP(I8*2,0)/2)
D9: =IF(B9="","",B9/60*'Coste de tu hora'!$B$26) | E9: =IF(B9="","",D9+N(C9)) | G9: =IF(E9="","",E9*(1+N(F9))) | I9: =IF(G9="","",G9*(1+N(H9))) | J9: =IF(I9="","",ROUNDUP(I9*2,0)/2)
D10: =IF(B10="","",B10/60*'Coste de tu hora'!$B$26) | E10: =IF(B10="","",D10+N(C10)) | G10: =IF(E10="","",E10*(1+N(F10))) | I10: =IF(G10="","",G10*(1+N(H10))) | J10: =IF(I10="","",ROUNDUP(I10*2,0)/2)
D11: =IF(B11="","",B11/60*'Coste de tu hora'!$B$26) | E11: =IF(B11="","",D11+N(C11)) | G11: =IF(E11="","",E11*(1+N(F11))) | I11: =IF(G11="","",G11*(1+N(H11))) | J11: =IF(I11="","",ROUNDUP(I11*2,0)/2)
D12: =IF(B12="","",B12/60*'Coste de tu hora'!$B$26) | E12: =IF(B12="","",D12+N(C12)) | G12: =IF(E12="","",E12*(1+N(F12))) | I12: =IF(G12="","",G12*(1+N(H12))) | J12: =IF(I12="","",ROUNDUP(I12*2,0)/2)
D13: =IF(B13="","",B13/60*'Coste de tu hora'!$B$26) | E13: =IF(B13="","",D13+N(C13)) | G13: =IF(E13="","",E13*(1+N(F13))) | I13: =IF(G13="","",G13*(1+N(H13))) | J13: =IF(I13="","",ROUNDUP(I13*2,0)/2)
D14: =IF(B14="","",B14/60*'Coste de tu hora'!$B$26) | E14: =IF(B14="","",D14+N(C14)) | G14: =IF(E14="","",E14*(1+N(F14))) | I14: =IF(G14="","",G14*(1+N(H14))) | J14: =IF(I14="","",ROUNDUP(I14*2,0)/2)
D15: =IF(B15="","",B15/60*'Coste de tu hora'!$B$26) | E15: =IF(B15="","",D15+N(C15)) | G15: =IF(E15="","",E15*(1+N(F15))) | I15: =IF(G15="","",G15*(1+N(H15))) | J15: =IF(I15="","",ROUNDUP(I15*2,0)/2)
D16: =IF(B16="","",B16/60*'Coste de tu hora'!$B$26) | E16: =IF(B16="","",D16+N(C16)) | G16: =IF(E16="","",E16*(1+N(F16))) | I16: =IF(G16="","",G16*(1+N(H16))) | J16: =IF(I16="","",ROUNDUP(I16*2,0)/2)
D17: =IF(B17="","",B17/60*'Coste de tu hora'!$B$26) | E17: =IF(B17="","",D17+N(C17)) | G17: =IF(E17="","",E17*(1+N(F17))) | I17: =IF(G17="","",G17*(1+N(H17))) | J17: =IF(I17="","",ROUNDUP(I17*2,0)/2)
D18: =IF(B18="","",B18/60*'Coste de tu hora'!$B$26) | E18: =IF(B18="","",D18+N(C18)) | G18: =IF(E18="","",E18*(1+N(F18))) | I18: =IF(G18="","",G18*(1+N(H18))) | J18: =IF(I18="","",ROUNDUP(I18*2,0)/2)
D19: =IF(B19="","",B19/60*'Coste de tu hora'!$B$26) | E19: =IF(B19="","",D19+N(C19)) | G19: =IF(E19="","",E19*(1+N(F19))) | I19: =IF(G19="","",G19*(1+N(H19))) | J19: =IF(I19="","",ROUNDUP(I19*2,0)/2)
... D29: =IF(B29="","",B29/60*'Coste de tu hora'!$B$26) | E29: =IF(B29="","",D29+N(C29)) | G29: =IF(E29="","",E29*(1+N(F29))) | I29: =IF(G29="","",G29*(1+N(H29))) | J29: =IF(I29="","",ROUNDUP(I29*2,0)/2)
A31: En rojo: lo que cobras hoy no llega a cubrir lo que te cuesta. IVA: 21 % en peluquería y estética; los servicios sanitarios suelen ir exentos (pon 0 %).
A32: Plantilla gratis de Gestor Centro · gestorcentro.com/guias/como-calcular-el-precio-de-un-servicio/
